 Dungeon Crawl Stone Soup version 0.32-a0-886-g41c5271027 (webtiles) character file.

Game seed: 10569673224523734676

773 pokedragonboy the Changeling (level 7, -3/54 HPs)
             Began as a Merfolk Shapeshifter on Apr 2, 2024.
             Was an Initiate of Cheibriados.
             Killed by divine providence
             ... invoked by an orc priest
              (11 damage)
             ... on level 5 of the Dungeon.
             The game lasted 00:09:10 (3343 turns).

pokedragonboy the Changeling (Merfolk Shapeshifter) Turns: 3343, Time: 00:09:10

Health: -3/54      AC:  7    Str: 23    XL:     7   Next: 83%
Magic:  7/7        EV: 11    Int: 10    God:    Cheibriados [......]
Gold:   250        SH:  0    Dex: 15    Spells: 6/6 levels left

rFire   . .          .
                       - Unarmed
rCold   . . .        (no shield)
rNeg    . . .        g - +1 scale mail {rPois}
rPois   +            (helmet currently unavailable)
rElec   .            (cloak currently unavailable)
rCorr   .            (gloves currently unavailable)
SInv    .            s - melded +0 pair of boots
Will    .....        (no amulet) Stlth
                     m - +6 ring of strength
HPRegen 0.29/turn    (no ring)
MPRegen 0.10/turn

%: no passive effects
@: beast-form, very slow
A: beast (slay +4), (nimble swimmer 2), mertail
a: Begin Untransformation, Renounce Religion


You were on level 5 of the Dungeon.
You worshipped Cheibriados.
Cheibriados was noncommittal.
You were a hulking beast.
You visited 2 branches of the dungeon, and saw 6 of its levels.

You collected 250 gold pieces.

Inventory:

Hand Weapons
 i - a +0 short sword
 l - a +1 mace of holy wrath
Armour
 g - a +1 scale mail of poison resistance (worn)
 s - a +0 pair of boots (melded)
 y - a +0 chain mail
Jewellery
 m - a +6 ring of strength (left hand)
 C - a +6 ring of intelligence
Talismans
 c - a beast talisman (active)
 d - a flux talisman
Wands
 a - a wand of iceblast (1)
Scrolls
 e - a scroll of vulnerability {unknown}
 j - a scroll of noise {unknown}
 n - a scroll of immolation
 o - a scroll of revelation {unknown}
 p - a scroll of enchant armour {unknown}
 q - a scroll of blinking {unknown}
 r - a scroll of amnesia {unknown}
 t - a scroll of teleportation {unknown}
 u - a scroll of fear {unknown}
 v - a scroll of acquirement {unknown}
 z - a scroll of enchant weapon
 B - a scroll of torment {unknown}
 E - a scroll of identify
Potions
 b - 2 potions of lignification
 f - 2 potions of attraction
 h - a potion of heal wounds
 k - a potion of ambrosia {unknown}
 w - a potion of might {unknown}
 x - a potion of cancellation {unknown}
 D - a potion of enlightenment {unknown}


   Skills:
 + Level 4.0 Fighting
 + Level 5.3 Dodging
 + Level 5.5 Unarmed Combat
 * Level 7.5 Shapeshifting


You had 6 spell levels left.
You didn't know any spells.
Your spell library contained the following spells:

 Spells                   Type           Power      Damage    Failure   Level
 Slow                     Hex            0%         N/A       71%         1
 Cigotuvi's Dreadful Rot  Necr/Alch/Air  0%         N/A       83%         2
 Confusing Touch          Hex            0%         N/A       97%         3
 Frozen Ramparts          Ice            0%         1d1       97%         3
 Ozocubu's Armour         Ice            0%         N/A       97%         3
 Vampiric Draining        Necr           0%         2d6       97%         3
 Animate Dead             Necr           0%         N/A       100%        4
 Ignite Poison            Fire/Alch      0%         N/A       100%        4
 Borgnjor's Vile Clutch   Necr/Erth      0%         N/A       100%        5
 Freezing Cloud           Conj/Ice/Air   0%         6-21      100%        5
 Metabolic Englaciation   Hex/Ice        0%         N/A       100%        5
 Death Channel            Necr           0%         N/A       100%        6


Dungeon Overview and Level Annotations

Branches:
Dungeon (5/15)             Temple (1/1) D:4

Altars:
Cheibriados
Elyvilon
Fedhas
Gozag
Hepliaklqana
Okawaru
Qazlal
Sif Muna
Uskayaw
Vehumet
Wu Jian
Zin

Shops:
D:4 !


Innate Abilities, Weirdness & Mutations

You are a hulking beast.
Your limbs bulge with bestial killing power. (Slay +4)
((You are very nimble when in or above water. (Stealth+, EV+, Speed+++)))
Your lower body shifts to a powerful aquatic tail in water.


Message History

The orc priest calls down the wrath of Beogh upon you.
Beogh smites you!
* * * LOW HITPOINT WARNING * * *
The orc priest hits you with a +0 dagger.
* * * LOW HITPOINT WARNING * * *
You punch the orc priest! x2
You kill the orc priest!
Cheibriados appreciates the change of pace.
Your Fighting skill increases to level 4!
You start resting.
An orc priest comes into view. It is wielding a +0 club.
You see here a +0 whip.
You start resting.
An orc priest is nearby!
Throw: throwing net
Press: ? - help, Q - select action, (/) - cycle Shift-Dir - straight line, f - orc priest
Aim: an orc priest, wielding a +0 club (63% to hit)
You throw a throwing net. The throwing net hits the orc priest.
The orc priest is caught in the net!
The orc priest struggles against the net.
Things that are here:
a +0 short sword; a +0 whip
Things that are here:
a +0 flail; an orc corpse The orc priest looks braver for a moment.
You start resting.
An orc priest is nearby!
The orc priest looks encouraged for a moment.
You barely miss the orc priest. The orc priest hits you with a +0 club.
* * * LOW HITPOINT WARNING * * *
You hit the orc priest.
The orc priest is moderately wounded.
The orc priest hits you with a +0 club.
* * * LOW HITPOINT WARNING * * *
You closely miss the orc priest.
The orc priest is moderately wounded.
The orc priest mumbles some strange prayers to Beogh against you.
Beogh smites you!
You die...
Cheibriados appreciates the motionlessness of death.

#....).####........#####.####...
#..####.).....#####.##....##
###. .. ##)))....# ##...#...# ##
# ##.##..o.## ##..####.## ##.
#.o###...######....# ##.###.#
#.)#..##......##.....## ##...##
#.####....###.........## #..##
#. #..).# ##o........###.## #
##...####h..........#.#
#...........#.....>...####
#..###.....######.......... ...#
###.#.# #######..## .### #.##.
##... #. .# .# ####..# # #. #.
#....## ## .# #####.. ## #.#


You could see an orc priest.

Vanquished Creatures
  2 phantoms (D:5)
  A kobold brigand (D:4)
  A scorpion (D:5)
  A bombardier beetle (D:4)
  3 hounds
  Ijyb (D:3)
  2 orc priests (D:5)
  An iguana (D:5)
  Natasha (twice) (D:2)
  2 orc wizards (D:4)
  3 gnolls (D:5)
  5 adders
  4 dart slugs
  2 ribbon worms
  11 orcs
  10 ball pythons
  6 endoplasms
  A giant cockroach (D:2)
  7 goblins
  7 hobgoblins
  4 jackals (D:1)
  4 quokkas
  3 bats
  A frilled lizard (D:3)
  A kobold (D:2)
  3 rats
88 creatures vanquished.

Notes
Turn   | Place    | Note
-------+----------+-------------------------------------------
     0 | D:1      | pokedragonboy the Merfolk Shapeshifter began the quest for
                  | the Orb.
     0 | D:1      | Reached XP level 1. HP: 15/15 MP: 1/1
   128 | D:1      | Reached XP level 2. HP: 11/21 MP: 2/2
   554 | D:2      | Found a hazy altar of Hepliaklqana.
   586 | D:2      | Noticed Natasha
   599 | D:2      | Killed Natasha
   600 | D:2      | Reached XP level 3. HP: 11/27 MP: 3/3
   721 | D:2      | Reached XP level 4. HP: 31/33 MP: 4/4
   743 | D:2      | Reached skill level 5 in Shapeshifting
  1300 | D:2      | Noticed Natasha
  1316 | D:2      | Killed Natasha
  1378 | D:2      | Found a faded altar of an unknown god.
  1547 | D:3      | Reached XP level 5. HP: 33/39 MP: 5/5
  1905 | D:3      | Noticed Ijyb
  1925 | D:3      | Killed Ijyb
  2374 | D:4      | Noticed a kobold brigand
  2381 | D:4      | Killed a kobold brigand
  2382 | D:4      | Reached skill level 6 in Shapeshifting
  2382 | D:4      | Reached XP level 6. HP: 39/46 MP: 6/6
  2659 | D:4      | Found Esuruh's Distillery.
  2711 | D:4      | Reached skill level 5 in Unarmed Combat
  2864 | D:4      | Found a staircase to the Ecumenical Temple.
  2894 | Temple   | Entered the Ecumenical Temple
  2943 | Temple   | Became a worshipper of Cheibriados the Contemplative
  3083 | D:5      | Entered Level 5 of the Dungeon
  3104 | D:5      | Reached XP level 7. HP: 47/52 MP: 7/7
  3293 | D:5      | Reached skill level 7 in Shapeshifting
  3294 | D:5      | Reached skill level 5 in Dodging
  3343 | D:5      | Killed from afar by an orc priest

Illustrated notes

Levels and vault maps discovered:
D:1:      orjb1_clovarrival, layout_rooms
D:2:      layout_basic, ebering_ecumenical_altar_rust, serial_aquarium,
          aquarium_bridge_square [aquarium_subvault_bridge,
          aquarium_subvault_bridge, aquarium_subvault_wall,
          aquarium_subvault_balcony], aquarium_bridge_square
          [aquarium_subvault_balcony, aquarium_subvault_bridge,
          aquarium_subvault_window, aquarium_subvault_bridge],
          aquarium_window_3, aquarium_window_corner, aquarium_window_fake,
          aquarium_view_2e, aquarium_view_2f, aquarium_balcony_double_2,
          basic_altar, minivault_14, minmay_pentomino_o2, uniq_natasha
D:3:      layout_loops_ring, nrook_campfire, uniq_ijyb
D:4:      layout_loops_ring, minmay_temple_entry_glass, serial_shops, shop
D:5:      layout_layer_cave, gammafunk_temple_overflow_claw
Temple:   chequers_temple_sunken

Skill      XL: |  1  2  3  4  5  6  7 |
---------------+----------------------+-----
Dodging        | 3 4 5 |  5.3
Fighting       | 2 3 4 |  4.0
Shapeshifting  | 5 6 7 |  7.5
Unarmed Combat | 4 5 |  5.5

Action                     |  1- 3 |  4- 6 |  7- 9 || total
---------------------------+-------+-------+-------++-------
  Melee: Unarmed           |    63 |   157 |    42 ||   262
         Punch             |     3 |     2 |     4 ||     9
  Throw: Throwing net      |       |       |     1 ||     1
  Evoke: Wand              |       |     1 |     1 ||     2
    Use: Scroll            |       |     4 |       ||     4
         Potion            |       |       |     1 ||     1
   Stab: Sleeping          |       |     1 |       ||     1
 Armour: Animal skin       |    44 |    22 |       ||    66
         Chain mail        |       |    15 |       ||    15
         Scale mail        |       |    35 |    27 ||    62
  Dodge: Dodged            |    68 |    65 |    25 ||   158
         Form:             |       |     1 |       ||     1
         Beast             |       |     1 |       ||     1

Table legend: (Time is in decaauts)
 A = Elapsed time spent in this place.
 B = Non-inter-level travel time spent in this place.
 C = Inter-level travel time spent in this place.
 D = Time resting spent in this place.
 E = Time spent auto-exploring this place.
 F = Levels seen in this place.
 G = Mean time per level.
                   A        B        C        D        E       F      G
               +--------+--------+--------+--------+--------+-----+--------+
         Total |   3374 |   3327 |     47 |     79 |   2559 |   6 |  562.3 |
       Dungeon |   3328 |   3290 |     38 |     79 |   2559 |   5 |  665.6 |
        Temple |     46 |     37 |      9 |      0 |      0 |   1 |   46.0 |
               +--------+--------+--------+--------+--------+-----+--------+

Top non-repeatable levels by time:
     D:2: 946 daAuts
     D:3: 796 daAuts
     D:4: 753 daAuts
     D:1: 526 daAuts
     D:5: 305 daAuts
  Temple: 46 daAuts
